 Dungeon Crawl Stone Soup version 0.20.1-1-g8b1a95d (webtiles) character file.

9808 OneorTwo the Basher (level 11, -4/99 HPs)
             Began as a Minotaur Berserker on July 27, 2017.
             Was a High Priest of Trog.
             Killed by divine providence
             ... invoked by an orc priest
              (10 damage)
             ... on level 9 of the Dungeon.
             The game lasted 01:10:53 (9015 turns).

OneorTwo the Basher (Minotaur Berserker)            Turns: 9015, Time: 01:10:56

Health: -4/99      AC: 15    Str: 25    XL:     11   Next: 27%
Magic:  13/13      EV:  9    Int:  7    God:    Trog [*****.]
Gold:   299        SH: 10    Dex: 10    Spells: 10/10 levels left

rFire    . . .     SeeInvis .   a - +7 whip of Unpleasantness {flame, *Noise +Inv rPois Int+3}
rCold    . . .     Gourm    .   m - +2 buckler
rNeg     . . .     Faith    .   l - +1 plate armour {rPois}
rPois    +         Spirit   .   (helmet restricted)
rElec    .         Reflect  .   H - +0 cloak
rCorr    .         Harm     .   (no gloves)
MR       ++...                  (no boots)
Stlth    ..........             (no amulet)
Regen    1.3/turn               (no ring)
MPRegen  0.2/turn               (no ring)

@: regenerating
A: retaliatory headbutt, horns 2, large bone plates 1, sturdy frame 1
a: Berserk, Trog's Hand, Brothers in Arms, Burn Spellbooks, Renounce Religion,
Evoke Invisibility


You were on level 9 of the Dungeon.
You worshipped Trog.
Trog was extremely pleased with you.
You were not hungry.

You visited 1 branch of the dungeon, and saw 9 of its levels.

You collected 493 gold pieces.
You spent 194 gold pieces at shops.

Inventory:

Hand Weapons
 a - the +7 whip of Unpleasantness (weapon) {flame, *Noise +Inv rPois Int+3}
   (You found it on level 6 of the Dungeon)

   It has been specially enchanted to burn those struck by it, causing extra
   injury to most foes and up to half again as much damage against particularly
   susceptible opponents.
   It affects your intelligence (+3).
   It protects you from poison.
   It lets you turn invisible.
   It may make noises in combat.
 z - the +8 hunting sling "Nalavume" {velocity, +Fly MR+}
   (You found it on level 5 of the Dungeon)

   Any stone fired from it inflicts extra damage.
   It affects your resistance to hostile enchantments.
   It lets you fly.
 B - a +0 blowgun
 C - a +2 whip of flaming
Missiles
 b - 18 tomahawks
 d - 295 stones (quivered)
 k - 7 poisoned needles
 E - 72 sling bullets
Armour
 l - a +1 plate armour of poison resistance (worn)
 m - a +2 buckler (worn)
 H - a +0 cloak (worn)
Jewellery
 v - an uncursed amulet of regeneration {unknown}
Wands
 D - a wand of polymorph (9/24)
 F - a wand of iceblast (4/15)
 G - a wand of disintegration (9/24)
 I - a wand of disintegration (15/24)
Scrolls
 f - a scroll of enchant weapon
 h - 3 scrolls of identify
 p - 3 scrolls of remove curse
 r - 5 scrolls of teleportation
 y - 2 scrolls of amnesia
 K - a scroll of magic mapping
Potions
 e - a potion of cancellation
 i - a potion of invisibility
 j - a potion of haste
 q - 2 potions of berserk rage
 s - 2 potions of agility
 t - 2 potions of brilliance
 u - 3 potions of lignification
 x - 2 potions of curing
 J - a potion of heal wounds
Books
 w - Vuzah's Collected Works on Floating Evil
   (You found it on level 8 of the Dungeon)

   Spells                             Type                      Level
   a - Sublimation of Blood           Necromancy                   2
   b - Animate Dead                   Necromancy                   4
   c - Summon Lightning Spire         Summoning/Air                4
   d - Lightning Bolt                 Conjuration/Air              5
   e - Silence                        Hexes/Air                    5
   Trog disapproves of the use of such an item.
Miscellaneous
 L - a box of beasts
Comestibles
 c - 12 bread rations
 g - 6 royal jellies
 n - 4 meat rations
 o - 3 fruits
 A - 6 chunks of flesh


   Skills:
 + Level 9.9 Fighting
 + Level 11.0 Maces & Flails
 + Level 10.9 Slings
 + Level 6.8 Armour
 - Level 2.5 Dodging
 + Level 4.1 Shields
 * Level 5.3 Evocations


You had 10 spell levels left.
You didn't know any spells.

Dungeon Overview and Level Annotations

Branches:
Dungeon (9/15)             Temple (0/1) D:7             Orc (0/2) D:9
   Lair: D:8-11

Altars:
Cheibriados
Dithmenos
Gozag
Trog

Shops:
D:5 %   D:9 !}:?


Innate Abilities, Weirdness & Mutations

You reflexively headbutt those who attack you in melee.
You have a pair of horns on your head.
You are partially covered in large bone plates. (SH +4)
Your movements are slightly less encumbered by armour. (ER -2)


Message History

The orc priest miscasts a cantrip.
The orc priest invokes the aid of Beogh against you.
Beogh smites you!
* * * LOW HITPOINT WARNING * * *
The juvenile batox beast hits you!
* * * LOW HITPOINT WARNING * * *
The juvenile batox beast tramples you but does no damage.
The orc wizard looks braver for a moment.
You fail to use your ability.
The juvenile batox beast bleats!
The juvenile batox beast hits you but does no damage.
The juvenile batox beast barely misses you.
The orc wizard miscasts a cantrip.
You fail to use your ability.
The juvenile batox beast squeals angrily.
The juvenile batox beast hits you but does no damage.
You block the juvenile batox beast's attack.
The orc priest mumbles some strange prayers to Beogh against you.
Beogh smites you!
You die...

#........ ########÷
#. # #. . ##. #####
### #. ($##.#
####...###.###.
(..(.######
######...###........
.(........##
#.##..#### ##.######
..#.....(..###.H@.##
###
#..#.##(..ooo†.o.##
####..############
###


You could see a juvenile batox beast, an orc priest, 2 orc wizards and an orc.

Vanquished Creatures
  Erica (D:9)
  2 two-headed ogres
  Maurice (D:8)
  Joseph (D:8)
  A cyclops (D:8)
  Psyche (D:9)
  A komodo dragon (D:9)
  Grinder (D:6)
  The ghost of Caractacus the Firebug, an amateur DsFE of Sif Muna (D:4)
  3 hippogriffs
  Sigmund (D:6)
  A wraith (D:8)
  A spriggan (D:9)
  A wyvern (D:9)
  2 steam dragons
  3 yaks (D:9)
  Menkaure (D:7)
  A water moccasin (D:9)
  2 sky beasts
  4 ice beasts
  6 orc warriors
  2 phantoms
  2 centaurs
  2 ogres
  A crocodile (D:9)
  A big kobold (D:5)
  6 bullfrogs
  A wyvern zombie (D:9)
  A scorpion (D:4)
  A wight (D:6)
  3 howler monkeys
  4 crimson imps
  2 quasits
  A bullfrog skeleton (D:6)
  3 hounds
  5 jellies
  3 orc priests
  A centaur skeleton (D:8)
  2 iguanas (D:4)
  Crazy Yiuf (D:3)
  8 orc wizards
  Natasha (thrice) (D:2)
  5 worker ants
  2 hound skeletons
  A worker ant zombie (D:9)
  7 adders
  5 gnolls
  4 shadow imps
  2 adder zombies
  2 worms
  A dart slug (D:1)
  10 leopard geckos
  52 orcs
  A ball python (D:1)
  5 giant cockroaches
  7 goblins
  7 hobgoblins
  2 jackals (D:4)
  7 quokkas
  5 bats
  8 frilled lizards
  10 kobolds
  A leopard gecko zombie (D:6)
  7 rats
  2 fungi (D:7)
242 creatures vanquished.

Vanquished Creatures (collateral kills)
  An orc warrior (D:9)
1 creature vanquished.

Grand Total: 243 creatures vanquished

Notes
Turn   | Place    | Note
-------+----------+-------------------------------------------
     0 | D:1      | OneorTwo the Minotaur Berserker began the quest for the Orb.
     0 | D:1      | Reached XP level 1. HP: 19/19 MP: 0/0
   188 | D:1      | Reached XP level 2. HP: 27/27 MP: 1/1
   276 | D:1      | Reached skill level 4 in Maces & Flails
   826 | D:2      | Found an opulent altar of Gozag.
   826 | D:2      | Found a shadowy altar of Dithmenos.
   844 | D:2      | Reached XP level 3. HP: 14/33 MP: 2/2
  1119 | D:2      | Noticed Natasha
  1130 | D:2      | Killed Natasha
  1130 | D:2      | Reached skill level 5 in Maces & Flails
  1130 | D:2      | Reached XP level 4. HP: 29/40 MP: 3/3
  1290 | D:2      | Reached ** piety under Trog
  1515 | D:2      | Found a shadowy altar of Dithmenos.
  1674 | D:2      | Noticed Natasha
  1677 | D:2      | Killed Natasha
  1720 | D:2      | Noticed Natasha
  1730 | D:2      | Killed Natasha
  1730 | D:2      | Reached skill level 6 in Maces & Flails
  1730 | D:2      | Reached XP level 5. HP: 34/47 MP: 4/4
  1846 | D:3      | Found a faded altar of an unknown god.
  2333 | D:3      | Found a runed door.
  2337 | D:3      | Noticed Crazy Yiuf
  2341 | D:3      | Killed Crazy Yiuf
  2413 | D:3      | Reached skill level 7 in Maces & Flails
  2774 | D:4      | Noticed Caractacus's ghost (amateur DsFE)
  2786 | D:4      | Killed Caractacus's ghost
  2786 | D:4      | Reached skill level 5 in Fighting
  2786 | D:4      | Reached skill level 8 in Maces & Flails
  2786 | D:4      | Reached XP level 6. HP: 56/56 MP: 5/5
  2824 | D:4      | Found a bloodstained altar of Trog.
  2857 | D:4      | Reached *** piety under Trog
  3204 | D:4      | Reached XP level 7. HP: 36/61 MP: 6/6
  3568 | D:5      | Entered Level 5 of the Dungeon
  3568 | D:5      | Found Oruwud's Food Emporium.
  3593 | D:5      | Got an iridescent hunting sling
  3594 | D:5      | Identified the +5 hunting sling of Laynesuv {velocity, MR+} (You found it on level 5 of the Dungeon)
  3685 | D:5      | Reached skill level 9 in Maces & Flails
  4135 | D:5      | Got a smoking hunting sling
  4136 | D:5      | Identified the +8 hunting sling "Nalavume" {velocity, +Fly MR+} (You found it on level 5 of the Dungeon)
  4359 | D:5      | Reached skill level 1 in Slings
  4553 | D:5      | Reached **** piety under Trog
  4697 | D:6      | Reached skill level 10 in Maces & Flails
  4697 | D:6      | Reached XP level 8. HP: 71/71 MP: 7/7
  4718 | D:6      | Gained mutation: You are partially covered in large bone plates. (SH +4) [mutagenic meat]
  4719 | D:6      | Gained mutation: Your movements are slightly less encumbered by armour. (ER -2) [mutagenic meat]
  4978 | D:6      | Reached skill level 1 in Shields
  5120 | D:6      | Got a smoking whip
  5121 | D:6      | Identified the +7 whip of Unpleasantness {flame, *Noise +Inv rPois Int+3} (You found it on level 6 of the Dungeon)
  5373 | D:6      | Got a sapphire rapier
  5374 | D:6      | Identified the +7 rapier of Higgocicw {chaos, +Rage rC+} (You found it on level 6 of the Dungeon)
  5452 | D:6      | Noticed Sigmund
  5458 | D:6      | Killed Sigmund
  5458 | D:6      | Reached skill level 5 in Slings
  5494 | D:6      | Reached XP level 9. HP: 79/79 MP: 8/8
  5558 | D:6      | Noticed Grinder
  5566 | D:6      | Killed Grinder
  5566 | D:6      | Reached skill level 1 in Evocations
  6021 | D:7      | Noticed Menkaure
  6035 | D:7      | Killed Menkaure
  6326 | D:7      | Found a staircase to the Ecumenical Temple.
  7120 | D:8      | Noticed Maurice
  7120 | D:8      | Received a gift from Trog
  7132 | D:8      | Killed Maurice
  7132 | D:8      | Reached skill level 5 in Armour
  7220 | D:8      | Noticed a cyclops
  7234 | D:8      | Killed a cyclops
  7234 | D:8      | Reached XP level 10. HP: 42/90 MP: 11/11
  7606 | D:8      | Noticed a two-headed ogre
  7619 | D:8      | Killed a two-headed ogre
  7691 | D:8      | Noticed Joseph
  7698 | D:8      | Killed Joseph
  7801 | D:8      | Identified Vuzah's Collected Works on Floating Evil
  7929 | D:9      | Found Kawann's Quality Used Wands.
  7947 | D:9      | Reached skill level 10 in Slings
  8047 | D:9      | Found Akott's Distillery.
  8086 | D:9      | Bought a potion of heal wounds for 65 gold pieces
  8086 | D:9      | Bought a potion of curing for 39 gold pieces
  8102 | D:9      | Found Kuuv's Book Shoppe.
  8239 | D:9      | Found Teklous's Magic Scroll Boutique.
  8242 | D:9      | Bought a scroll of magic mapping for 42 gold pieces
  8242 | D:9      | Bought a scroll of identify for 24 gold pieces
  8242 | D:9      | Bought a scroll of identify for 24 gold pieces
  8301 | D:9      | Received a gift from Trog
  8394 | D:9      | Found a staircase to the Orcish Mines.
  8414 | D:9      | Reached ***** piety under Trog
  8452 | D:9      | Noticed Erica
  8466 | D:9      | Killed Erica
  8466 | D:9      | Reached XP level 11. HP: 65/97 MP: 13/13
  8478 | D:9      | Noticed a two-headed ogre
  8485 | D:9      | Killed a two-headed ogre
  8485 | D:9      | Reached skill level 5 in Evocations
  8799 | D:9      | Found a snail-covered altar of Cheibriados.
  8831 | D:9      | Noticed Psyche
  8844 | D:9      | Killed Psyche
  8844 | D:9      | Reached skill level 11 in Maces & Flails
  9013 | D:9      | HP: 3/99 [juvenile batox beast[the player character] (8)]
  9015 | D:9      | Killed from afar by an orc priest

Skill      XL: |  1  2  3  4  5  6  7  8  9 10 11 |
---------------+----------------------------------+-----
Maces & Flails | 4 5 6 8 10 11 | 11.0
Fighting       | 4 5 6 7 8 9 |  9.9
Slings         | 1 5 8 10 | 10.9
Armour         | 4 5 6 |  6.8
Shields        | 1 3 4 |  4.1
Evocations     | 3 4 5 |  5.3
Dodging        | |  2.5

Action                   |  1- 3 |  4- 6 |  7- 9 | 10-12 || total
-------------------------+-------+-------+-------+-------++-------
Melee: Mace              |    64 |   117 |    30 |       ||   211
       Headbutt          |     6 |    18 |    34 |    22 ||    80
       Whip              |       |       |    95 |   144 ||   239
       Hunting sling     |       |       |     2 |       ||     2
 Fire: Hunting sling     |       |       |   176 |   105 ||   281
Throw: Stone             |     1 |       |     1 |     2 ||     4
Invok: Berserk           |       |     2 |     3 |     1 ||     6
       Trog's Hand       |       |       |     3 |     6 ||     9
       Burn Spellbooks   |       |       |     1 |     1 ||     2
Evoke: Wand              |       |       |       |     2 ||     2
       Box of beasts     |       |       |       |     1 ||     1
  Use: Potion            |     1 |       |     2 |     1 ||     4
       Scroll            |     4 |     8 |    10 |     2 ||    24
  Eat: Chunk             |       |     9 |    18 |     8 ||    35
Armor: Animal skin       |     5 |       |       |       ||     5
       Ring mail         |    13 |    15 |       |       ||    28
       Plate armour      |       |    20 |    40 |    34 ||    94
Dodge: Dodged            |    33 |    34 |    23 |    18 ||   108
Block: Buckler           |     8 |    20 |    19 |    53 ||   100
